Map: Dreamcatcher LE

Players

Lambo - Winner!

  • Race: Zerg Zerg
  • Spawn Location: 11:00

ShoWTimE

  • Race: Protoss Protoss
  • Spawn Location: 5:00

Event: WCS Montreal 2018

VOD

Have the link to the VOD?

Description

Time

  • Played on: Sept. 9, 2018, 11:28 a.m.
  • Length: 14:24

All games in this series

Show
View Real Time Build Order
Export as new Build Order

Lambo Zerg - Winner!

Build Orders: Hatch First, Swarm Host 

Get SALT Encoding   

  12  0:00  Drone  
  13  0:12  Overlord  
  13  0:16  Drone  
  14  0:30  Drone x2  
  16  0:47  Hatchery  
  15  0:50  Drone  
  15  0:54  Drone  
  17  0:57  Drone  
  18  1:07  Extractor  
  17  1:12  Spawning Pool  
  17  1:15  Drone  
  17  1:19  Drone  
  18  1:27  Drone  
  19  1:39  Drone  
  20  1:49  Overlord  
  20  1:59  Queen x2  
  20  2:00  Zergling x4  
  26  2:10  Metabolic Boost  
  26  2:11  Drone  
  26  2:12  Drone  
  28  2:21  Drone x2  
  30  2:36  Hatchery  
  29  2:38  Drone  
  30  2:44  Drone  
  30  2:47  Overlord  
  30  2:49  Drone  
  32  2:53  Queen  
  32  2:58  Drone  
  35  3:02  Drone  
  36  3:10  Drone x5  
  40  3:13  Overlord  
  40  3:17  Drone  
  40  3:19  Overlord  
  41  3:22  Drone  
  41  3:24  Drone  
  43  3:31  Queen  
  43  3:32  Drone  
  43  3:33  Drone  
  47  3:40  Drone x2  
  49  3:43  Drone x2  
  51  3:48  Spore Crawler  
  51  3:49  Queen  
  51  3:50  Spore Crawler  
  51  3:57  Overlord  
  51  3:58  Zergling x2  
  51  3:59  Drone  
  51  4:00  Drone  
  51  4:02  Overlord  
  54  4:03  Drone  
  54  4:05  Zergling x2  
  54  4:06  Drone  
  57  4:19  Drone x2  
  57  4:20  Drone  
  57  4:21  Drone x4  
  57  4:22  Drone x2  
  63  4:28  Drone  
  64  4:32  Drone x2  
  64  4:35  Overlord  
  66  4:38  Queen, Roach Warren  
  66  4:41  Extractor  
  66  4:42  Extractor, Lair  
  66  4:43  Drone  
  66  4:44  Drone  
  67  4:46  Zergling x4  
  67  4:47  Drone  
  67  4:48  Zergling x2  
  72  4:52  Drone  
  72  4:55  Drone x2, Evolution Chamber  
  72  4:59  Overlord  
  73  5:00  Drone x2  
  73  5:02  Extractor  
  73  5:03  Extractor, Drone  
  73  5:04  Drone  
  75  5:09  Drone  
  75  5:10  Drone  
  77  5:14  Drone x5  
  77  5:18  Overlord  
  82  5:21  Drone  
  82  5:22  Zerg Missile Weapons Level 1, Overlord  
  82  5:23  Roach  
  82  5:24  Roach  
  82  5:26  Roach  
  88  5:31  Spore Crawler  
  88  5:33  Roach  
  88  5:34  Overlord  
  88  5:39  Overlord  
  88  5:42  Overlord  
  88  5:43  Roach x3  
  88  5:47  Drone x4  
  88  5:48  Hydralisk Den  
  97  5:50  Extractor, Drone x2  
  98  5:58  Spore Crawler  
  98  5:59  Spore Crawler  
  98  6:00  Spore Crawler  
  98  6:01  Spore Crawler x2  
  98  6:02  Drone x2  
  93  6:04  Drone  
  93  6:06  Drone  
  93  6:08  Drone  
  93  6:09  Drone  
  93  6:11  Drone x3  
  93  6:12  Drone  
  93  6:15  Spore Crawler  
  93  6:16  Drone x2  
  98  6:21  Grooved Spines  
  98  6:22  Drone x2  
  97  6:28  Drone x2  
  97  6:31  Drone x2, Queen  
  103  6:34  Drone x3  
  103  6:38  Baneling Nest  
  105  6:42  Drone  
  105  6:44  Drone  
  105  6:45  Drone x2  
  108  6:56  Hydralisk x4  
  108  7:00  Hydralisk x2  
  108  7:01  Hatchery  
  119  7:04  Hydralisk  
  121  7:09  Hydralisk x2, Zergling x4  
  121  7:10  Infestation Pit  
  124  7:17  Drone  
  124  7:18  Drone  
  124  7:19  Zerg Missile Weapons Level 2  
  122  7:22  Centrifical Hooks  
  122  7:27  Overlord  
  121  7:30  Overlord  
  121  7:32  Overlord x2  
  121  7:43  Spore Crawler  
  119  7:44  Hydralisk  
  119  7:46  Drone  
  119  7:51  Drone x2, Overlord  
  123  7:52  Hydralisk x3, Zergling x4  
  123  7:58  Muscular Augments  
  129  8:01  Drone x5  
  129  8:04  Hydralisk x2  
  138  8:09  Hydralisk  
  138  8:10  Hydralisk x2  
  144  8:12  Hydralisk  
  144  8:13  Hydralisk x3  
  152  8:24  Overlord  
  152  8:28  Overlord  
  152  8:29  Spore Crawler  
  152  8:30  Overlord  
  152  8:33  Overlord  
  152  8:34  Extractor  
  150  8:35  Overlord  
  150  8:42  Swarm Host x6  
  168  8:49  Swarm Host x5  
  168  8:52  Swarm Host x3  
  168  8:55  Swarm Host  
  192  8:57  Swarm Host  
  192  8:59  Zergling x4  
  200  9:09  Drone x2  
  197  9:25  Swarm Host  
  195  9:32  Swarm Host  
  198  9:41  Baneling x2  
  197  9:49  Baneling x8  
  197  9:56  Hydralisk  
  199  10:22  Hatchery  
  199  10:28  Spine Crawler  
  197  10:29  Spine Crawler  
  197  10:32  Spine Crawler  
  197  10:33  Spine Crawler  
  197  10:34  Spine Crawler, Zerg Melee Weapons Level 1  
  190  10:35  Hydralisk x6  
  190  10:37  Evolution Chamber  
  199  10:49  Zergling x2  
  196  10:59  Extractor  
  191  11:09  Hydralisk  
  191  11:10  Hydralisk x3  
  199  11:19  Zergling x2  
  199  11:23  Spine Crawler  
  199  11:25  Spine Crawler  
  196  11:30  Overseer x3  
  188  11:35  Spine Crawler, Zerg Ground Armor Level 1  
  188  11:37  Spine Crawler, Hive  
  188  11:38  Hydralisk x7, Pneumatized Carapace  
  199  11:42  Hydralisk x3  
  198  12:01  Spire  
  197  12:06  Hydralisk x2  
  196  12:11  Hydralisk x9  
  199  12:16  Hydralisk x2  
  199  12:17  Hydralisk  
  199  12:18  Hydralisk x2  
  197  12:24  Overseer x2  
  197  12:25  Overseer x2  
  197  12:40  Hatchery  
  190  12:55  Hydralisk  
  184  13:03  Hydralisk x4  
  156  13:06  Hydralisk x14  
  156  13:09  Zergling x32  
  156  13:11  Overlord x2  
  166  13:14  Hydralisk  
  166  13:17  Overlord  
  168  13:21  Overseer  
  168  13:22  Overlord  
  168  13:26  Overlord  
  167  13:30  Hydralisk x8  
  167  13:34  Baneling x3  
  183  13:37  Overlord  
  183  13:39  Baneling x4  
  183  13:40  Zergling x30  
  198  13:46  Hydralisk  
  197  13:50  Hydralisk x2  
  197  13:51  Hydralisk x2  
  197  13:52  Zergling x4  
  193  14:03  Zergling x2  
Show
View Real Time Build Order
Export as new Build Order

ShoWTimE Protoss 

Build Orders: 1 Gate Expand, Oracle Opening, Phoenix Opening, Mass Phoenix 

Get SALT Encoding   

  12  0:00  Probe  
  13  0:12  Probe  
  14  0:18  Pylon  
  14  0:24  Probe  
  15  0:32  Probe  
  15  0:40  Gateway, Probe  
  16  0:46  Assimilator  
  17  0:51  Probe  
  18  1:03  Probe  
  19  1:15  Probe  
  20  1:25  Nexus  
  20  1:35  Cybernetics Core  
  20  1:38  Probe  
  21  1:45  Assimilator  
  21  1:50  Probe  
  22  1:54  Pylon  
  22  2:02  Probe  
  22  2:03  Adept  
  23  2:14  Probe  
  26  2:16  Stargate  
  26  2:24  Warp Gate  
  26  2:27  Probe  
  26  2:29  Adept  
  27  2:34  Probe  
  27  2:35  Probe  
  29  2:42  Probe  
  29  2:43  Probe  
  33  2:52  Probe  
  33  2:53  Probe  
  33  2:55  Phoenix  
  35  3:04  Probe  
  38  3:08  Probe  
  39  3:15  Pylon  
  39  3:16  Probe, Oracle  
  40  3:21  Probe  
  40  3:26  Assimilator  
  44  3:28  Assimilator, Probe  
  44  3:33  Probe  
  46  3:35  Gateway  
  46  3:40  Probe  
  47  3:44  Stargate  
  47  3:45  Probe  
  48  3:52  Pylon, Probe  
  49  3:57  Probe  
  49  3:58  Phoenix  
  52  4:05  Probe  
  52  4:09  Probe  
  54  4:11  Pylon  
  55  4:17  Probe  
  55  4:19  Phoenix  
  55  4:21  Probe  
  55  4:22  Phoenix  
  60  4:38  Adept x2, Pylon  
  65  4:45  Phoenix x2  
  68  4:53  Pylon  
  68  5:01  Nexus  
  68  5:04  Probe x2  
  68  5:06  Phoenix  
  68  5:07  Phoenix  
  74  5:15  Shield Battery  
  74  5:18  Probe x2  
  76  5:23  Pylon  
  76  5:26  Phoenix  
  76  5:30  Probe x2  
  76  5:32  Phoenix  
  83  5:42  Probe  
  83  5:50  Robotics Facility  
  83  5:51  Robotics Facility  
  83  5:55  Phoenix  
  85  5:58  Probe x2  
  87  6:10  Probe x2  
  89  6:13  Phoenix  
  89  6:18  Probe  
  92  6:22  Probe x2  
  92  6:24  Forge  
  92  6:25  Twilight Council  
  94  6:30  Probe, Sentry x2  
  94  6:31  Immortal  
  99  6:34  Immortal, Probe x2  
  99  6:38  Pylon  
  101  6:40  Pylon  
  109  6:53  Protoss Ground Weapons Level 1  
  109  6:55  Pylon, Assimilator  
  109  6:56  Probe x3  
  109  6:59  Assimilator  
  112  7:03  Charge  
  112  7:05  Immortal  
  112  7:13  Probe  
  112  7:14  Probe  
  112  7:15  Probe  
  119  7:21  Immortal  
  119  7:26  Gateway  
  119  7:29  Gateway, Zealot x2  
  127  7:37  Pylon  
  127  7:39  Pylon, Immortal  
  127  7:44  Shield Battery  
  127  7:47  Shield Battery  
  127  7:48  Templar Archives  
  131  7:52  Gateway  
  131  7:54  Gateway  
  131  7:58  Gateway  
  131  8:07  Gateway  
  131  8:08  Pylon  
  131  8:13  Psionic Storm  
  131  8:18  Immortal, Nexus  
  135  8:25  High Templar x2  
  135  8:26  High Templar  
  141  8:33  Pylon  
  141  8:36  Fleet Beacon  
  141  8:40  Photon Cannon  
  141  8:42  Shield Battery  
  141  8:44  Shield Battery  
  141  8:48  Immortal  
  141  8:49  High Templar  
  141  8:53  Observer  
  143  8:57  Shield Battery  
  143  8:59  Shield Battery  
  143  9:02  Shield Battery  
  148  9:04  Pylon  
  148  9:06  Pylon  
  148  9:08  Probe x3  
  151  9:12  Immortal, Shield Battery  
  151  9:13  High Templar  
  151  9:14  Pylon  
  157  9:21  Mothership  
  155  9:27  Immortal  
  157  9:34  Photon Cannon  
  157  9:36  Photon Cannon  
  157  9:37  Assimilator  
  157  9:38  Photon Cannon  
  157  9:39  Assimilator  
  157  9:41  Zealot x3  
  171  9:53  Probe x2  
  173  10:08  Photon Cannon  
  173  10:09  High Templar x2, Photon Cannon  
  173  10:11  Protoss Ground Weapons Level 2  
  177  10:19  Zealot x2  
  171  10:23  Carrier, Immortal  
  171  10:24  Immortal  
  179  10:29  Shield Battery  
  179  10:31  Shield Battery  
  179  10:33  Pylon  
  169  10:37  High Templar  
  169  10:39  Photon Cannon  
  169  10:42  Photon Cannon  
  177  10:50  Zealot x2  
  177  10:54  Zealot x2  
  185  11:02  Carrier, Zealot x3  
  191  11:09  Graviton Catapult  
  189  11:33  High Templar x4  
  189  11:34  Nexus  
  189  11:37  Archon  
  189  11:38  Pylon, Archon  
  195  11:45  Carrier  
  189  11:59  Nexus  
  189  12:00  Pylon  
  195  12:08  Carrier  
  193  12:10  High Templar  
  193  12:11  High Templar  
  193  12:15  Protoss Air Weapons Level 1  
  193  12:23  Archon  
  193  12:27  Observer  
  200  12:38  Photon Cannon  
  200  12:39  Photon Cannon  
  200  12:41  Photon Cannon  
  200  12:42  Photon Cannon  
  200  12:44  Pylon  
  200  12:46  Pylon  
  156  13:10  Probe x3  
  156  13:11  Probe  
  154  13:17  High Templar  
  154  13:18  High Templar  
  158  13:22  Probe x2  
  158  13:23  Probe, Zealot  
  163  13:32  High Templar  
  165  13:37  Void Ray  
  165  13:40  Observer  
  169  13:41  Zealot x4  
  169  13:44  Assimilator  
  169  13:46  Assimilator  
  177  13:49  Zealot  
  165  13:57  High Templar  
  165  14:00  Zealot  
  143  14:05  Zealot x5  
  133  14:11  Zealot  
Tags
 
Add a new tag
Caveats
  • Supply blocks, unpowered buildings, or Contaminate may cause inaccurate times.
  • Supply counts are checked every 10 seconds.